Map: Dusty Gorge

Players

Massa - Winner!

  • Race: Terran Terran
  • League: Gold
  • Spawn Location: 3:00

qqq - Winner!

  • Race: Zerg Zerg
  • League: Platinum
  • Spawn Location: 5:00

Imagun

  • Race: Protoss Protoss
  • Spawn Location: 9:00

hisdudeness

  • Race: Zerg Zerg
  • League: Platinum
  • Spawn Location: 11:00

VOD

Have the link to the VOD?

Description

Time

  • Played on: May 31, 2020, 2:43 p.m.
  • Length: 4:22
Show
View Real Time Build Order
Export as new Build Order

Massa Terran - Winner!

Build Orders:  

Get SALT Encoding   

  12  0:12  Supply Depot  
  12  0:13  SCV  
  13  0:25  SCV  
  14  0:35  Barracks  
  14  0:37  SCV  
  15  0:48  Supply Depot  
  15  0:51  SCV  
  16  1:03  SCV  
  17  1:13  Barracks  
  17  1:16  SCV  
  18  1:24  Barracks  
  18  1:25  Marine  
  19  1:43  Marine  
  20  1:51  SCV  
  20  1:52  Refinery  
  21  1:57  Barracks  
  21  2:01  Marine x2  
  21  2:04  SCV  
  24  2:13  Marine  
  25  2:19  Marine x2  
  27  2:24  Supply Depot  
  27  2:30  Supply Depot  
  27  2:31  Marine  
  27  2:37  Marine x2  
  30  2:52  Marine x2  
  30  2:54  Marine x2  
  34  3:10  Marine x2  
  34  3:12  Marine, Supply Depot  
  36  3:14  Marine  
  38  3:28  Marine x2  
  38  3:30  Marine  
  38  3:32  Marine  
  42  3:37  Orbital Command  
  42  3:46  Marine x2  
  42  3:48  Marine  
  45  3:53  Marine  
  46  4:03  Marine  
  46  4:04  Marine  
Show
View Real Time Build Order
Export as new Build Order

qqq Zerg - Winner!

Build Orders: Hatch First 

Get SALT Encoding   

  12  0:03  Drone  
  13  0:09  Drone  
  14  0:38  Hatchery  
  13  0:55  Spawning Pool  
  12  1:20  Overlord  
  12  1:21  Drone x2  
  14  1:26  Extractor  
  13  1:33  Drone  
  14  1:42  Queen  
  16  1:49  Roach Warren  
  16  1:52  Drone  
  16  1:55  Extractor  
  16  1:58  Drone  
  16  2:03  Zergling x2  
  17  2:08  Drone  
  18  2:18  Overlord  
  18  2:20  Drone  
  19  2:23  Drone  
  19  2:28  Drone  
  21  2:35  Roach  
  24  2:51  Drone x2  
  24  2:52  Roach  
  24  2:54  Roach  
  29  3:12  Roach x2  
  33  3:16  Drone x3, Extractor  
  35  3:21  Overlord  
  35  3:30  Overlord  
  35  3:42  Overlord  
  35  3:43  Roach  
  35  3:44  Roach  
  39  3:53  Roach  
  39  3:54  Roach  
Show
View Real Time Build Order
Export as new Build Order

Imagun Protoss 

Build Orders: 1 Gate Expand 

Get SALT Encoding   

  12  0:02  Probe  
  13  0:14  Probe  
  14  0:23  Pylon  
  14  0:26  Probe  
  15  0:41  Probe  
  16  0:43  Gateway  
  16  0:51  Assimilator  
  16  0:53  Probe  
  17  1:05  Probe  
  18  1:27  Nexus  
  18  1:41  Cybernetics Core  
  18  1:43  Probe  
  19  1:49  Zealot (Chrono Boost)  
  21  1:55  Probe  
  22  2:15  Warp Gate (Chrono Boost)  
  22  2:27  Pylon  
  22  2:29  Probe  
  23  2:39  Stalker  
  23  2:40  Probe (Chrono Boost)  
  27  2:47  Probe (Chrono Boost)  
  27  2:49  Assimilator  
  27  2:50  Probe (Chrono Boost)  
  27  2:54  Assimilator  
  27  2:56  Probe  
  27  2:58  Probe  
  29  3:07  Stargate  
  29  3:08  Probe  
  29  3:10  Probe  
  31  3:22  Probe x2 (Chrono Boost)  
  33  3:27  Assimilator  
  33  3:33  Pylon  
  35  3:34  Probe (Chrono Boost)  
  35  3:38  Probe (Chrono Boost)  
  35  3:40  Probe (Chrono Boost)  
  36  3:45  Probe  
  37  3:55  Forge  
  35  3:56  Pylon  
Show
View Real Time Build Order
Export as new Build Order

hisdudeness Zerg 

Build Orders: Hatch First 

Get SALT Encoding   

  12  0:01  Drone  
  13  0:13  Overlord  
  13  0:19  Drone  
  14  0:32  Drone x2  
  16  0:41  Drone  
  17  0:59  Hatchery  
  17  1:02  Drone  
  17  1:03  Drone  
  18  1:10  Extractor, Drone  
  18  1:24  Spawning Pool  
  17  1:27  Drone  
  18  1:36  Drone  
  19  1:40  Drone  
  20  1:59  Hatchery  
  20  2:00  Drone  
  21  2:08  Drone  
  21  2:17  Zergling x2  
  21  2:19  Zergling x2  
  21  2:22  Zergling x2  
  24  2:23  Metabolic Boost  
  24  2:29  Queen  
  26  2:33  Drone  
  27  2:48  Drone  
  28  3:09  Overlord  
  28  3:10  Queen, Overlord x2  
  28  3:11  Drone x2  
  32  3:24  Drone x2  
  32  3:26  Extractor  
  33  3:27  Drone  
  33  3:28  Drone x2  
  36  3:44  Overlord x2  
  36  3:45  Overlord  
  36  3:51  Zergling x2, Baneling Nest  
  36  4:04  Zergling x2  
Tags
 
Add a new tag
Caveats
  • Supply blocks, unpowered buildings, or Contaminate may cause inaccurate times.
  • Supply counts are checked every 10 seconds.